Map: King of Braxis Station

Players

MrFercho - Winner!

  • Race: Zerg Zerg
  • Spawn Location: 12:00

TATORREA

  • Race: Terran Terran
  • Spawn Location: 11:00

tigro

  • Race: Terran Terran
  • Spawn Location: 1:00

VOD

Have the link to the VOD?

Description

Time

  • Played on: March 26, 2020, 9:15 p.m.
  • Length: 52:53
Show
View Real Time Build Order
Export as new Build Order

MrFercho Zerg - Winner!

Build Orders: Pool First 

Get SALT Encoding   

  12  0:03  Drone  
  13  0:19  Drone  
  14  0:22  Overlord  
  14  0:27  Overlord  
  14  0:42  Drone  
  15  0:52  Drone  
  15  0:56  Extractor  
  15  1:02  Drone, Extractor  
  15  1:15  Spawning Pool  
  14  1:24  Drone  
  14  1:25  Drone  
  16  1:44  Evolution Chamber  
  16  1:45  Evolution Chamber  
  16  1:46  Drone x2  
  16  1:48  Evolution Chamber  
  15  2:07  Zergling x4  
  17  2:15  Queen  
  19  2:29  Metabolic Boost  
  19  2:42  Drone x3  
  22  2:56  Lair  
  22  3:06  Drone  
  22  3:07  Drone  
  22  3:36  Zergling x4  
  24  3:52  Drone  
  24  3:53  Drone  
  26  4:00  Burrow  
  26  4:04  Overlord x2  
  26  4:07  Drone  
  27  4:10  Drone  
  28  4:30  Drone x2  
  30  4:50  Drone x3  
  33  5:10  Queen  
  35  5:29  Hatchery  
  34  5:56  Drone x3  
  37  5:57  Drone  
  37  5:59  Drone x2  
  37  6:00  Drone  
  41  6:34  Roach Warren  
  40  6:40  Baneling Nest  
  40  6:47  Infestation Pit  
  38  6:48  Infestation Pit  
  38  6:53  Spire  
  36  6:56  Spire  
  36  7:01  Hydralisk Den  
  34  7:03  Hydralisk Den  
  34  7:07  Nydus Network  
  34  7:08  Drone x3  
  35  7:13  Queen  
  37  7:28  Drone x3  
  40  7:37  Hatchery  
  39  7:45  Drone x3  
  42  8:12  Drone x2  
  44  8:17  Hatchery  
  43  8:23  Zerg Missile Weapons Level 1, Zerg Melee Weapons Level 1  
  43  8:24  Zerg Ground Armor Level 1  
  43  8:33  Hive  
  43  8:39  Hatchery  
  42  8:41  Grooved Spines  
  42  8:42  Muscular Augments  
  42  8:59  Centrifical Hooks  
  42  9:33  Hydralisk x3  
  48  9:42  Drone  
  48  9:43  Drone x2  
  51  9:45  Drone  
  51  9:46  Drone x2  
  51  9:47  Drone  
  51  9:48  Drone  
  51  9:49  Drone  
  57  10:15  Drone x5  
  57  10:16  Drone x4  
  66  10:24  Greater Spire x2  
  66  10:27  Pneumatized Carapace  
  66  10:50  Unknown  
  66  10:53  Unknown  
  66  10:55  Unknown  
  66  10:56  Unknown, Drone  
  66  10:57  Drone x2  
  65  11:24  Spore Crawler x2  
  63  11:25  Spore Crawler  
  63  11:28  Spore Crawler  
  61  11:45  Spine Crawler x2  
  59  11:50  Spine Crawler  
  58  12:06  Drone x2  
  58  12:07  Drone x4  
  64  12:12  Drone  
  64  12:13  Drone x5  
  70  12:19  Overlord x2  
  70  12:20  Overlord  
  70  12:27  Overlord x3  
  70  12:28  Overlord x2  
  70  12:51  Nydus Canal  
  70  13:16  Zergling x6  
  73  13:28  Hydralisk x3  
  73  13:29  Hydralisk x5  
  89  13:39  Zerg Ground Armor Level 2, Zerg Missile Weapons Level 2, Zerg Melee Weapons Level 2  
  89  14:09  Ultralisk Cavern  
  88  14:16  Drone x6  
  94  14:48  Drone x6  
  94  14:49  Drone x3  
  103  14:57  Extractor  
  102  15:01  Extractor  
  101  15:07  Extractor  
  101  15:08  Extractor  
  99  15:15  Extractor  
  99  15:19  Extractor  
  99  15:20  Drone x3  
  100  15:27  Overlord x3  
  100  15:28  Overlord x3  
  100  15:29  Overlord  
  100  15:39  Queen  
  102  16:11  Zerg Melee Weapons Level 3, Zerg Missile Weapons Level 3  
  102  16:12  Zerg Ground Armor Level 3  
  102  16:14  Adrenal Glands, Queen  
  104  16:20  Neural Parasite, Pathogen Glands  
  104  16:25  Chitinous Plating  
  104  16:31  Zerg Flyer Armor Level 1, Zerg Flyer Weapons Level 1  
  104  16:50  Queen  
  106  17:17  Microbial Shroud  
  106  17:18  Drone x3  
  109  17:25  Overlord  
  109  17:26  Overlord x2  
  109  17:27  Drone x5  
  109  17:28  Drone  
  115  17:44  Anabolic Synthesis  
  115  18:18  Ultralisk x4, Infestor  
  115  18:19  Infestor x2  
  145  18:22  Corruptor  
  145  18:23  Zergling x6  
  145  18:24  Zergling x12  
  145  18:25  Zergling x4  
  158  18:31  Lair  
  158  18:37  Drone x3  
  161  18:46  Drone x4  
  161  18:47  Drone x3  
  168  19:28  Drone x3  
  160  20:42  Spine Crawler  
  160  20:48  Spine Crawler  
  158  20:53  Spore Crawler  
  157  20:58  Spore Crawler  
  157  21:02  Spore Crawler  
  155  21:04  Spore Crawler  
  155  21:05  Spine Crawler  
  155  21:10  Spine Crawler  
  152  21:13  Drone  
  152  21:14  Drone x6  
  152  21:15  Drone  
  152  21:17  Drone  
  161  21:38  Queen  
  163  21:44  Mutalisk x2  
  163  21:45  Mutalisk  
  169  22:14  Queen  
  119  23:43  Mutalisk x6  
  119  23:44  Corruptor x4  
  119  23:45  Mutalisk, Corruptor  
  119  23:46  Mutalisk x3  
  143  24:16  Ultralisk x3  
  147  24:38  Spore Crawler  
  147  24:40  Spore Crawler  
  147  24:41  Spore Crawler  
  147  24:42  Spore Crawler x2  
  147  24:43  Spore Crawler  
  147  24:45  Spore Crawler  
  98  25:22  Hydralisk  
  98  25:23  Hydralisk x6  
  98  25:25  Ultralisk x2  
  98  25:26  Mutalisk  
  117  25:34  Ultralisk x3, Mutalisk x2  
  117  25:35  Mutalisk  
  141  26:03  Zerg Flyer Weapons Level 2  
  141  26:33  Hatchery  
  141  26:35  Hatchery  
  141  26:37  Hatchery  
  138  26:46  Drone x3  
  141  27:00  Hatchery x2  
  139  27:03  Hatchery  
  139  27:05  Hatchery  
  139  27:07  Mutalisk x3  
  139  27:08  Corruptor x5  
  143  27:09  Corruptor x3  
  159  27:24  Overlord  
  159  27:25  Overlord x2  
  159  27:29  Overlord  
  157  27:30  Overlord x5  
  107  28:08  Corruptor x2  
  107  28:10  Zergling x2  
  107  28:11  Zergling x2, Roach  
  97  28:24  Drone x5  
  97  28:25  Drone x6  
  97  28:26  Drone x2  
  81  29:05  Spawning Pool  
  80  29:16  Evolution Chamber  
  79  29:26  Drone x3  
  81  29:47  Hatchery  
  80  29:57  Lair  
  80  29:58  Extractor  
  72  31:20  Infestation Pit  
  72  31:23  Spire  
  72  31:24  Spire  
  69  31:25  Hydralisk Den  
  69  31:32  Roach Warren  
  67  31:36  Baneling Nest  
  66  31:59  Queen x4  
  66  32:00  Queen  
  76  33:18  Hive  
  76  33:22  Mutalisk x6  
  76  33:23  Mutalisk x7  
  76  33:24  Mutalisk x6  
  76  33:25  Mutalisk x2  
  118  33:38  Zerg Flyer Armor Level 2  
  118  33:44  Corruptor x2  
  118  33:45  Corruptor  
  124  34:08  Glial Reconstitution  
  124  34:26  Corruptor x5  
  124  34:27  Corruptor  
  124  34:28  Corruptor x2  
  124  34:29  Corruptor x2  
  124  34:30  Corruptor  
  124  34:31  Corruptor  
  146  34:32  Corruptor x4  
  146  34:33  Corruptor x2  
  146  34:37  Corruptor  
  146  34:38  Corruptor x3  
  164  34:39  Corruptor x2  
  172  34:47  Greater Spire  
  172  35:09  Ultralisk Cavern  
  171  35:16  Lurker Den  
  170  35:27  Tunneling Claws  
  170  36:00  Brood Lord x2  
  170  36:01  Brood Lord x6  
  170  36:02  Brood Lord  
  188  36:12  Ultralisk x2  
  200  37:13  Zerg Flyer Weapons Level 3  
  200  37:16  Zerg Flyer Armor Level 3  
  124  39:23  Mutalisk x4  
  132  39:24  Corruptor x2  
  132  39:25  Corruptor x5  
  132  39:26  Mutalisk x3  
  132  39:27  Mutalisk  
  132  39:28  Mutalisk x2  
  158  39:32  Hydralisk x3  
  158  39:33  Hydralisk x4  
  171  40:09  Hydralisk x3  
  171  40:10  Hydralisk x6  
  171  40:11  Hydralisk x6  
  119  43:22  Hydralisk x6  
  119  43:23  Hydralisk x6  
  119  43:24  Hydralisk x6  
  119  43:25  Hydralisk x6  
  165  43:47  Spore Crawler  
  165  43:48  Spore Crawler  
  158  43:49  Spore Crawler  
  158  43:50  Spore Crawler  
  152  44:04  Drone x2  
  152  44:05  Drone  
  154  44:29  Spore Crawler  
  154  44:31  Spore Crawler x2  
  151  44:45  Mutalisk x3  
  151  44:46  Mutalisk x6  
  151  44:47  Mutalisk x6  
  151  44:48  Mutalisk x5  
  151  44:49  Mutalisk x4  
  141  47:10  Zergling x2  
  141  47:11  Zergling x12  
  141  47:12  Zergling x12  
  141  47:13  Zergling x12  
  141  47:14  Zergling x10  
  165  48:19  Ultralisk x2  
  189  48:20  Ultralisk x3  
  189  48:25  Hydralisk x2  
  175  49:01  Brood Lord x5  
  175  49:02  Brood Lord x5  
  187  51:06  Zergling x12  
  187  51:07  Zergling x10  
  187  51:08  Zergling x4  
  170  51:40  Hydralisk x4  
  170  51:41  Hydralisk x7  
  170  51:42  Hydralisk x4  
Show
View Real Time Build Order
Export as new Build Order

TATORREA Terran 

Build Orders:  

Get SALT Encoding   

  12  0:19  Refinery  
  12  0:22  SCV  
  13  0:30  Refinery  
  13  0:34  SCV  
  14  0:46  SCV  
  15  1:04  Supply Depot  
  15  1:26  SCV  
  15  1:27  Supply Depot  
  16  1:38  SCV  
  17  1:50  SCV, Supply Depot  
  18  2:02  SCV  
  18  2:06  Barracks  
  19  2:13  Supply Depot  
  19  2:14  SCV  
  20  2:36  Supply Depot  
  20  2:57  Engineering Bay, Orbital Command  
  20  2:58  Supply Depot  
  20  2:59  Barracks Tech Lab  
  20  3:20  Supply Depot  
  20  3:25  Ghost Academy  
  20  3:43  Supply Depot, Marauder  
  22  3:49  Terran Infantry Weapons Level 1  
  22  4:04  Marauder  
  22  4:05  Supply Depot  
  24  4:12  Factory  
  24  4:25  Marauder  
  24  4:27  Personal Cloaking  
  26  4:32  SCV  
  27  4:47  Marauder  
  29  4:54  SCV  
  30  5:06  SCV  
  31  5:08  Marauder  
  33  5:20  Factory  
  33  5:39  Reaper  
  34  5:43  Terran Infantry Armor Level 1  
  34  5:50  Factory Tech Lab  
  34  5:53  Enhanced Shockwaves  
  34  6:07  Armory  
  34  6:10  Factory Tech Lab  
  34  6:11  Reaper  
  35  6:43  Marine  
  36  6:56  Starport  
  36  7:00  Marine  
  37  7:05  Thor  
  43  7:11  Nuke  
  43  7:18  Marine  
  44  7:35  Thor  
  44  7:37  Marauder  
  52  7:38  Hi-Sec Auto Tracking  
  52  8:34  Neosteel Armor  
  52  9:08  Fusion Core  
  52  9:31  Starport Tech Lab  
  52  9:38  Command Center  
  52  9:58  Starport  
  52  10:11  Battlecruiser  
  58  10:19  Thor  
  64  10:35  Thor  
  70  10:59  SCV  
  70  11:00  Refinery  
  71  11:11  SCV  
  72  11:22  Refinery  
  72  11:23  SCV  
  73  11:35  SCV  
  74  11:48  SCV  
  75  12:00  SCV  
  75  12:12  SCV  
  76  12:24  SCV  
  77  12:36  SCV  
  78  12:48  SCV  
  78  13:56  Liberator  
  78  14:00  Battlecruiser  
  87  14:06  Thor  
  93  14:10  Marine  
  94  14:28  Marine  
  95  14:39  Liberator  
  98  14:46  Marine  
  99  15:04  Marine  
  100  15:21  Marine  
  100  15:22  Supply Depot  
  101  15:34  Supply Depot  
  101  15:43  Supply Depot  
  101  15:44  Battlecruiser, Medivac  
  101  15:45  Supply Depot  
  109  15:55  Supply Depot, Thor  
  115  15:57  Supply Depot  
  115  16:06  Supply Depot  
  115  16:16  Supply Depot  
  115  16:17  Supply Depot  
  115  16:26  Supply Depot  
  115  16:39  Supply Depot  
  115  16:41  Supply Depot  
  115  16:44  Thor  
  121  16:48  Battlecruiser  
  121  16:49  Supply Depot, Terran Infantry Weapons Level 2  
  121  16:53  Rapid Reignition System  
  127  17:00  Terran Vehicle Weapons Level 1  
  127  17:27  Thor  
  133  17:48  Liberator  
  133  17:50  Advanced Ballistics  
  136  17:52  Battlecruiser  
  142  18:05  Thor  
  148  18:28  Thor  
  148  18:31  Medivac  
  156  18:52  Planetary Fortress  
  156  18:54  Terran Ship Weapons Level 1  
  156  18:57  Battlecruiser  
  162  19:05  Terran Infantry Armor Level 2  
  162  19:06  Thor  
  162  19:09  Weapon Refit  
  169  20:02  Marine  
  169  20:19  Marine  
  170  20:37  Marine  
  171  20:49  Terran Vehicle And Ship Armor Level 1  
  171  20:55  Marine  
  172  21:13  Marine  
  173  21:21  Terran Infantry Weapons Level 3  
  173  21:31  Marine  
  174  22:07  Thor  
  180  22:10  Thor  
  180  22:15  Marine  
  187  22:32  Marine  
  188  22:42  Terran Vehicle Weapons Level 2  
  188  22:50  Marine, Thor  
  194  23:08  Marine  
  195  23:26  Marine  
  178  23:56  Marine  
  178  23:58  Terran Infantry Armor Level 3  
  179  24:04  Thor  
  179  24:06  Thor  
  191  24:14  Marine  
  192  24:32  Marine  
  193  24:47  Thor  
  193  24:50  Marine  
  200  24:58  Terran Ship Weapons Level 2  
  200  27:14  Terran Vehicle And Ship Armor Level 2  
  171  29:30  Terran Vehicle Weapons Level 3  
  171  30:29  Battlecruiser  
  177  30:41  Starport Tech Lab  
  177  30:44  Thor  
  177  30:46  Thor  
  117  31:26  Thor  
  117  31:29  Thor  
  105  31:34  Battlecruiser  
  54  32:07  Terran Vehicle And Ship Armor Level 3  
  54  32:12  Thor  
  30  33:33  Starport  
  30  33:41  Factory Tech Lab  
  30  33:43  Factory Tech Lab  
  30  34:11  Starport  
  30  34:23  Starport Tech Lab  
  30  34:36  Thor  
  36  34:39  Thor  
  36  34:44  Battlecruiser, Terran Ship Weapons Level 3  
  48  35:11  Starport Tech Lab  
  48  35:19  Thor  
  54  35:22  Thor  
  60  35:29  Battlecruiser  
  66  35:39  Marauder  
  68  35:48  Battlecruiser  
  74  36:01  Marauder  
  74  36:02  Thor  
  82  36:05  Thor  
  88  36:22  Marauder  
  90  36:34  Battlecruiser  
  96  36:43  Marauder  
  96  36:45  Thor  
  104  36:47  Thor  
  104  36:52  Liberator  
  113  37:05  Marauder  
  115  37:35  Liberator  
  118  37:37  Liberator  
  121  37:59  Thor  
  121  38:01  Thor  
  67  38:44  Thor  
  62  38:58  Marauder  
  40  39:20  Marauder  
  27  39:41  Marauder  
  23  40:02  Marauder  
  11  42:30  Supply Depot  
  11  42:44  Supply Depot  
  11  42:53  Supply Depot  
  11  42:56  Supply Depot  
  11  43:07  Supply Depot  
  11  43:13  Barracks  
  11  43:17  Supply Depot  
  11  43:29  Supply Depot  
  11  43:39  Supply Depot  
  11  43:40  Supply Depot  
  11  43:51  Supply Depot  
  11  44:03  Supply Depot  
  11  44:05  Barracks Tech Lab  
  11  44:06  Factory  
  11  44:14  Supply Depot  
  11  44:17  Supply Depot  
  11  44:25  Supply Depot  
  11  44:37  Supply Depot  
  11  44:41  Supply Depot  
  11  44:50  Factory  
  11  44:55  Starport  
  11  44:56  Factory Tech Lab  
  11  45:19  Supply Depot  
  11  45:22  Supply Depot  
  11  45:32  Starport  
  11  45:35  Factory  
  11  45:44  Supply Depot, Factory Tech Lab  
  11  45:49  Supply Depot  
  11  45:56  Starport Tech Lab  
  11  46:18  Starport Tech Lab  
  11  46:23  Ghost Academy  
  11  46:29  Starport Tech Lab  
  11  46:45  Marine  
  12  46:54  Bunker  
  12  47:03  Marine  
  13  47:21  Marine  
  14  47:25  Bunker  
  14  47:39  Marine  
  15  47:56  Bunker, Marine  
  16  48:14  Marine  
  17  48:27  Bunker  
  17  48:32  Marine  
  18  48:47  Supply Depot  
  18  48:50  Marine  
  18  48:53  Supply Depot  
  19  49:01  Engineering Bay  
  19  49:08  Marine  
  20  49:25  Marine  
  21  49:40  Missile Turret  
  21  49:43  Marine  
  22  49:58  Missile Turret  
  22  50:01  Marine  
  23  50:18  Missile Turret  
  23  50:19  Marine  
  24  50:37  Marine  
  24  50:39  Missile Turret  
  25  51:04  Fusion Core  
  25  51:08  Supply Depot  
  25  51:17  Missile Turret  
Show
View Real Time Build Order
Export as new Build Order

tigro Terran 

Build Orders:  

Get SALT Encoding   

  12  0:04  SCV  
  13  0:16  SCV  
  14  0:24  Supply Depot  
  14  0:29  Refinery  
  14  0:34  SCV  
  15  0:35  Refinery  
  15  1:04  SCV  
  15  1:06  Barracks  
  16  1:16  SCV  
  17  1:28  SCV  
  18  1:38  Supply Depot  
  18  1:40  SCV  
  19  1:54  Barracks  
  19  1:57  Marine  
  20  2:15  Marine  
  21  2:17  Orbital Command  
  21  2:32  Marine  
  21  2:36  Engineering Bay  
  22  2:48  Barracks Tech Lab  
  22  2:50  Marine  
  23  3:03  Factory  
  23  3:05  SCV  
  24  3:08  Marine  
  25  3:21  Missile Turret  
  25  3:26  Marine  
  26  3:44  Marine  
  27  3:49  Combat Shield  
  27  3:54  Factory Tech Lab  
  27  4:03  Barracks Tech Lab  
  27  4:07  Marauder  
  29  4:21  Supply Depot  
  29  4:29  Marauder  
  31  4:50  Marauder  
  31  4:52  Starport  
  33  5:00  Marine  
  34  5:08  Stimpack  
  34  5:11  Marauder  
  36  5:15  Terran Infantry Weapons Level 1  
  36  5:18  Marine  
  36  5:19  Factory  
  37  5:33  Marauder  
  39  5:36  Marine  
  40  5:43  Starport Tech Lab  
  40  5:54  Marine  
  41  5:59  Missile Turret  
  41  6:03  Medivac  
  43  6:12  Marine  
  44  6:21  Hyperflight Rotors  
  44  6:32  Viking  
  44  6:38  Factory Tech Lab  
  46  6:48  Concussive Shells  
  46  6:54  Armory  
  46  7:05  Infernal Pre-Igniter  
  46  7:09  Terran Infantry Armor Level 1  
  46  7:21  Missile Turret  
  46  7:23  Banshee  
  49  7:54  Starport  
  49  8:08  Fusion Core  
  49  8:24  Mag-Field Accelerator, Marine  
  50  8:42  Supply Depot, Starport Tech Lab  
  50  9:03  Hi-Sec Auto Tracking  
  50  9:26  Terran Vehicle Weapons Level 1  
  50  10:00  Neosteel Armor  
  50  10:04  Drilling Claws  
  50  10:10  Missile Turret  
  50  10:20  Siege Tank  
  53  10:37  Missile Turret  
  53  10:52  Missile Turret, Siege Tank  
  56  11:22  Smart Servos  
  56  11:26  Cloaking Field  
  56  11:31  Terran Vehicle Weapons Level 2  
  56  11:40  Terran Infantry Weapons Level 2  
  56  12:07  Command Center  
  56  12:45  Corvid Reactor  
  56  12:59  Siege Tank  
  56  13:02  Missile Turret  
  59  13:22  Refinery  
  59  13:31  Siege Tank  
  62  13:38  Weapon Refit  
  62  14:03  Siege Tank  
  65  14:27  Planetary Fortress  
  65  14:32  Missile Turret  
  65  14:42  Terran Infantry Armor Level 2  
  65  14:49  Marine  
  65  14:52  Marine  
  67  15:05  SCV  
  68  15:07  Marine  
  68  15:10  Marine  
  70  15:17  SCV  
  70  15:18  Rapid Reignition System  
  71  15:25  Marine  
  71  15:28  Marine  
  72  15:29  SCV  
  72  15:30  Missile Turret  
  74  15:41  SCV  
  75  15:43  Marine  
  75  15:44  Refinery  
  75  15:46  Marine  
  77  15:51  Bunker  
  77  15:53  SCV  
  78  16:00  Marine  
  78  16:04  Marine  
  80  16:05  SCV  
  81  16:14  Advanced Ballistics  
  81  16:18  SCV  
  82  16:30  SCV  
  83  16:40  Supply Depot  
  83  16:42  Bunker  
  83  17:25  Bunker  
  83  17:26  Barracks  
  83  17:33  Marine  
  83  17:36  Marine  
  85  17:43  Battlecruiser  
  91  17:46  Battlecruiser  
  97  17:51  Marine  
  97  17:54  Marine  
  99  18:09  Marine  
  99  18:12  Marine  
  101  18:17  Barracks Tech Lab  
  101  18:27  Marine  
  101  18:30  Bunker  
  102  18:46  Marine x2, Thor  
  110  18:52  Supply Depot  
  110  19:08  Terran Ship Weapons Level 1  
  110  19:12  Terran Infantry Armor Level 3  
  110  19:13  Thor  
  110  19:14  Medivac  
  118  19:28  Bunker  
  118  19:41  Supply Depot  
  118  19:46  SCV, Marine x2  
  121  19:58  SCV  
  122  20:03  Marine  
  123  20:10  SCV  
  124  20:15  Battlecruiser  
  130  20:21  Marine  
  131  20:39  Marine  
  132  20:43  Supply Depot  
  132  20:46  Missile Turret  
  132  20:57  Marine  
  132  21:02  Terran Vehicle Weapons Level 3  
  133  21:09  Bunker  
  133  21:15  Marine  
  134  21:32  Marine  
  135  21:49  Terran Infantry Weapons Level 3  
  135  21:50  Marine  
  136  22:07  Missile Turret  
  136  22:08  Marine  
  137  22:26  Marine  
  138  22:44  Marine  
  139  23:01  Marine  
  140  23:06  Bunker  
  140  23:13  Missile Turret  
  140  23:28  Marine  
  141  23:39  Terran Vehicle And Ship Armor Level 1  
  141  23:45  Marine  
  139  24:03  Marine  
  138  24:21  Marine  
  139  24:39  Marine  
  134  25:35  Marine  
  135  26:06  Battlecruiser  
  141  26:52  Missile Turret  
  141  27:23  Thor  
  141  27:29  Marine  
  148  27:34  Medivac  
  150  28:04  Supply Depot  
  150  28:26  Marine, Thor  
  157  28:28  Engineering Bay  
  157  28:43  Marine  
  158  29:19  Supply Depot  
  158  29:40  Marine x2, Thor  
  166  29:47  Battlecruiser  
  172  29:58  Supply Depot, Marine x2  
  174  30:20  Marauder, Marine  
  177  30:37  Marine  
  177  30:42  Marauder  
  180  30:55  Marine  
  181  31:09  Marauder  
  181  31:13  Battlecruiser  
  178  31:21  Battlecruiser  
  178  31:24  Thor  
  137  32:06  Thor  
  141  32:17  Battlecruiser  
  147  32:25  Battlecruiser  
  145  33:21  Battlecruiser  
  151  33:29  Battlecruiser  
  157  33:40  Supply Depot  
  157  34:26  Battlecruiser  
  157  34:30  Thor  
  169  34:34  Battlecruiser  
  175  35:12  Thor  
  181  35:29  Armory  
  181  35:30  Battlecruiser  
  187  36:18  Fusion Core  
  187  36:33  Terran Vehicle And Ship Armor Level 2  
  187  36:53  Battlecruiser  
  193  37:17  Bunker  
  193  37:33  Bunker  
  193  37:56  Supply Depot  
  193  38:11  Thor  
  199  38:25  Marine  
  200  38:48  Terran Ship Weapons Level 2  
  200  42:22  Battlecruiser  
  200  42:25  Battlecruiser  
  101  43:27  Battlecruiser  
  101  43:29  Battlecruiser  
  101  44:31  Battlecruiser  
  107  44:33  Battlecruiser  
  98  45:19  Marine  
  99  45:24  Thor  
  100  45:31  Thor  
  100  45:35  Battlecruiser  
  108  45:37  Marine  
  108  45:38  Battlecruiser  
  108  45:55  Marine  
  103  46:12  Marine  
  45  47:17  Marine  
  32  47:28  Missile Turret  
  33  47:30  SCV  
  33  47:35  Marine  
  34  47:42  SCV  
  35  47:47  Missile Turret  
  35  47:52  Supply Depot, Marine  
  35  47:54  SCV  
  37  48:00  Missile Turret  
  37  48:06  SCV  
  37  48:10  Marine  
  39  48:18  SCV  
  40  48:27  Factory  
  40  48:28  Marine  
  29  48:46  Marine  
  30  49:04  Marine  
  31  49:12  Bunker  
  31  49:18  Factory Tech Lab  
  31  49:21  Marine  
  32  49:39  Marine  
Tags
 
Add a new tag
Caveats
  • Supply blocks, unpowered buildings, or Contaminate may cause inaccurate times.
  • Supply counts are checked every 10 seconds.